 Seeded DCSS version 0.28-a0-751-gef3a642a4e (webtiles) character file.

Game seed: 910205596226628521 (custom seed)

11526 flotson the Fighter (level 11, -3/91 HPs)
             Began as a Demonspawn Delver on Oct 30, 2021.
             Was an Initiate of Gozag.
             Slain by a spriggan simulacrum (6 damage)
             ... on level 11 of the Dungeon on Oct 31, 2021.
             The game lasted 00:24:39 (9355 turns).

flotson the Fighter (Demonspawn Delver)             Turns: 9355, Time: 00:24:41

Health: -3/91      AC: 11    Str: 15    XL:     11   Next: 50%
Magic:  11/11      EV: 20    Int: 14    God:    Gozag
Gold:   2372       SH:  0    Dex: 15    Spells: 10/10 levels left

rFire   x . .      SeeInvis .   b - +9 hunting sling "Muik" {vorpal, Int+2}
rCold   + . .      Faith    .   (no shield)
rNeg    . . .      Spirit   .   H - +3 leather armour "Ikhic" {Fly Regen+}
rPois   .          Reflect  .   (helmet restricted)
rElec   .          Harm     .   (no cloak)
rCorr   +          Rampage  .   r - +0 pair of gloves
Will    .....                   J - +1 pair of boots
Stlth   +++.......              (no amulet)
HPRegen 1.25/turn               h - ring of ice
MPRegen 0.12/turn               C - ring of resist corrosion

@: agile, gold aura, flying
A: horns 2, rugged brown scales 1, powered by pain 1
a: Renounce Religion, Potion Petition, Call Merchant, Bribe Branch


You were on level 11 of the Dungeon.
You worshipped Gozag.
Gozag was most pleased with you.
You visited 2 branches of the dungeon, and saw 13 of its levels.
You also visited: Ice Cave.

You collected 2436 gold pieces.
You paid 64 gold pieces to Gozag.

Inventory:

Hand Weapons
 a - a +3 trident of freezing
 b - the +9 hunting sling "Muik" (weapon) {vorpal, Int+2}
   (You found it on level 5 of the Dungeon)

   Any ammunition fired from it inflicts extra damage upon your enemies.
   Int:       It affects your intelligence (+2).
Missiles
 k - 248 stones (quivered ammo)
 m - 2 javelins
 A - a throwing net
 D - 6 boomerangs
 I - 32 sling bullets (quivered)
 O - 32 poisoned darts
 S - 2 curare-tipped darts
Armour
 r - a +0 pair of gloves (worn)
 F - a +2 scale mail of poison resistance
 H - the +3 leather armour "Ikhic" (worn) {Fly Regen+}
   (You found it on level 6 of the Dungeon)

   Fly:       It grants you flight.
   Regen:     It increases your rate of health regeneration.
 J - a +1 pair of boots (worn)
 L - a +3 leather armour of poison resistance
Jewellery
 d - the amulet of Ynualuun {Harm Regen+}
   (You found it in an ice cave)

   [amulet of regeneration]

   Regen:     It increases your rate of health regeneration.
   Harm:      It increases damage dealt and taken.
 h - a ring of ice (left hand)
 i - a ring of willpower
 n - the amulet of the Zebra {RegenMP rF+ rCorr Int+3}
   (You found it in an ice cave)

   [amulet of magic regeneration]

   It increases your rate of magic regeneration.
   Int:       It affects your intelligence (+3).
   rF:        It protects you from fire.
   rCorr:     It protects you from acid and corrosion.
 C - a ring of resist corrosion (right hand)
 N - a ring of poison resistance
Wands
 g - a wand of digging (2)
 G - a wand of paralysis (19)
 Q - a wand of charming (9)
 R - a wand of acid (4)
Scrolls
 c - 2 scrolls of fog
 f - a scroll of enchant armour {unknown}
 l - 3 scrolls of fear
 o - a scroll of acquirement {unknown}
 t - 2 scrolls of teleportation
 x - 2 scrolls of amnesia {unknown}
 y - 2 scrolls of vulnerability {unknown}
 E - a scroll of blinking {unknown}
 P - 2 scrolls of enchant weapon {unknown}
 T - a scroll of noise {unknown}
Potions
 e - 2 potions of ambrosia
 j - 5 potions of resistance
 p - 2 potions of heal wounds
 q - 4 potions of curing
 s - 2 potions of mutation
 w - 2 potions of attraction
 z - 3 potions of berserk rage {unknown}
 B - 2 potions of haste
 K - a potion of might {unknown}
 M - a potion of magic {unknown}


   Skills:
 + Level 9.3 Fighting
 - Level 1.7 Axes
 + Level 7.7 Throwing
 + Level 8.0 Armour
 + Level 8.3 Dodging
 - Level 4.5 Stealth
 + Level 6.0 Evocations


You had 10 spell levels left.
You didn't know any spells.
Your spell library contained the following spells:

 Spells                   Type           Power      Damage    Failure   Level
 Animate Skeleton         Necr           0%         N/A       34%         1
 Foxfire                  Conj/Fire      0%         2x1d4     34%         1
 Pain                     Necr           0%         1d4       34%         1
 Slow                     Hex            0%         N/A       34%         1
 Confusing Touch          Hex            0%         N/A       71%         3
 Conjure Flame            Conj/Fire      0%         6-21      71%         3
 Inner Flame              Hex/Fire       0%         N/A       71%         3
 Summon Guardian Golem    Hex/Summ       0%         N/A       71%         3
 Vampiric Draining        Necr           0%         2d6       71%         3
 Cause Fear               Hex            0%         N/A       98%         4
 Flame Wave               Conj/Fire      0%         3d3       98%         4
 Passage of Golubria      Tloc           0%         N/A       98%         4
 Silence                  Hex/Air        0%         N/A       100%        5
 Dragon Form              Tmut           0%         N/A       100%        7
 Orb of Destruction       Conj           0%         N/A       100%        7
 Spellforged Servitor     Conj/Summ      0%         N/A       100%        7
 Lehudib's Crystal Spear  Conj/Erth      0%         10d2      100%        8
 Dragon's Call            Summ           0%         N/A       100%        9


Dungeon Overview and Level Annotations

Branches:
Dungeon (12/15)            Temple (1/1) D:4            Lair (0/6) D:11
    Orc (0/2) D:12          IceCv (visited)

Altars:
Ashenzari
Cheibriados
Elyvilon
Fedhas
Gozag
Kikubaaqudgha
Makhleb
Nemelex Xobeh
Trog
Uskayaw
Vehumet
Wu Jian
Xom
Yredelemnul
Zin
The Shining One


Innate Abilities, Weirdness & Mutations

You have a pair of horns on your head.
You are partially covered in rugged brown scales. (AC +1, +3% HP)
You sometimes gain a little power by taking damage.


Message History

The two-headed ogre simulacrum misses you. x2
The centaur closely misses you. The centaur barely misses you.
Fire: 36 sling bullets
Press: ? - help, Q - select action, (/) - cycle Shift-Dir - straight line, f/p - centaur
Aim: a centaur, quivering arrows (heavily wounded, 80% to hit)
You shoot a sling bullet. The sling bullet hits the centaur!
You kill the centaur!
Fire: 35 sling bullets
Press: ? - help, Q - select action, (/) - cycle Shift-Dir - straight line, f - spriggan simulacrum
Aim: a spriggan simulacrum (65% to hit)
You shoot a sling bullet.
The sling bullet hits the spriggan simulacrum.
The spriggan simulacrum is moderately damaged.
The spriggan simulacrum completely misses you.
The two-headed ogre simulacrum closely misses you. x2
Fire: 34 sling bullets
Press: ? - help, Q - select action, (/) - cycle Shift-Dir - straight line, f/p - spriggan simulacrum
Aim: a spriggan simulacrum (moderately damaged, 65% to hit)
You shoot a sling bullet.
The sling bullet hits the spriggan simulacrum!
The spriggan simulacrum is severely damaged.
The spriggan simulacrum hits you but does no damage.
Fire: 33 sling bullets
Press: ? - help, Q - select action, (/) - cycle Shift-Dir - straight line, f/p - spriggan simulacrum
Aim: a spriggan simulacrum (severely damaged, 65% to hit)
You shoot a sling bullet.
The sling bullet closely misses the spriggan simulacrum.
The two-headed ogre simulacrum hits you.
The two-headed ogre simulacrum freezes you!
You resist.
The two-headed ogre simulacrum hits you!
* * * LOW HITPOINT WARNING * * *
The two-headed ogre simulacrum freezes you!
You resist.
* * * LOW HITPOINT WARNING * * *
The spriggan simulacrum hits you!
* * * LOW HITPOINT WARNING * * *
The spriggan simulacrum freezes you. You resist.
You die...
Your body crumbles into a pile of gold.

,,,,,,,*,,,,,,,,,,,,*,,,,,*
***,,,**#(...****,,***,,,**
***,,,###....#########****
,,,,,,.........#.....#
,,,,,,.........#(...(#
,,,,,,,........#.....#
****#####............#
*,,,....#......Z.$.##***
*,,,_..........$@...#,,*
*,,,,,,.#......Z.......#
#########..............#
.......................#
..................^....#
.>.............?.......#
#..###..##...########..#
#..#*#.(##...#* *###
..............#


You could see a spriggan simulacrum and a two-headed ogre simulacrum.

Vanquished Creatures
  An ice dragon (IceCv)
  Joseph (D:7)
  2 ice statues (IceCv)
  4 rime drakes (IceCv)
  2 wyverns
  22 yaks
  Eustachio (D:4)
  Menkaure (D:7)
  2 water moccasins
  A sky beast (D:7)
  A hornet zombie (D:5)
  5 ice beasts
  5 orc warriors
  2 necrophages
  3 ogres
  A black bear (D:4)
  6 centaurs
  A phantom (D:5)
  5 kobold brigands
  Blork the orc (D:5)
  A gnoll sergeant (D:9)
  3 bullfrogs
  A scorpion (D:5)
  A water moccasin skeleton (D:5)
  5 lindwurm simulacra (IceCv)
  14 wights
  5 howler monkeys
  A bullfrog zombie (D:5)
  2 komodo dragon simulacra (IceCv)
  2 centaur zombies
  3 orc priests
  A hound (D:3)
  3 iguanas
  8 orc wizards
  2 hound skeletons (D:5)
  2 howler monkey zombies
  Robin (D:2)
  14 gnolls
  A naga simulacrum (D:11)
  6 acid dragon simulacra (IceCv)
  3 adders
  A white imp (D:6)
  8 steam dragon simulacra (IceCv)
  An ufetubus (D:3)
  3 worms (D:2)
  A dart slug (D:3)
  42 orcs
  5 endoplasms
  3 giant cockroaches
  13 goblins
  7 hobgoblins
  6 jackals
  5 quokkas
  7 ball pythons
  2 bats (D:2)
  A frilled lizard (D:2)
  28 kobolds
  4 rats
283 creatures vanquished.

Vanquished Creatures (others)
  A wizard (D:4)
  16 plants
17 creatures vanquished.

Grand Total: 300 creatures vanquished

Notes
Turn   | Place    | Note
-------+----------+-------------------------------------------
     0 | D:5      | flotson the Demonspawn Delver began the quest for the Orb.
     0 | D:5      | Reached XP level 1. HP: 18/18 MP: 1/1
    26 | D:5      | Identified the +9 hunting sling "Muik" {vorpal, Int+2}
    69 | D:5      | Noticed an ogre
    92 | D:4      | Noticed a wyvern
    98 | D:4      | Noticed an orc wizard
    98 | D:4      | Noticed an ogre
   107 | D:4      | Noticed a hound
   107 | D:4      | Noticed a necrophage
   107 | D:4      | Noticed Eustachio
   120 | D:4      | Noticed a black bear
   281 | D:3      | Gained mutation: You have a pair of small horns on your
                  | head. [demonic ancestry]
   281 | D:3      | Reached XP level 2. HP: 24/24 MP: 2/2
   338 | D:2      | Noticed Robin
   362 | D:2      | Killed Robin
   363 | D:2      | Reached skill level 1 in Armour
   365 | D:2      | Reached XP level 3. HP: 19/29 MP: 3/3
   651 | D:1      | Gained mutation: You have a pair of horns on your head.
                  | [demonic ancestry]
   651 | D:1      | Reached XP level 4. HP: 37/37 MP: 4/4
  1813 | D:3      | Found a blossoming altar of Fedhas.
  1856 | D:3      | Reached skill level 4 in Fighting
  1856 | D:3      | Reached skill level 1 in Throwing
  1856 | D:3      | Reached XP level 5. HP: 38/42 MP: 5/5
  2194 | D:3      | Found a snail-covered altar of Cheibriados.
  2375 | D:3      | Noticed an orc warrior
  2476 | D:3      | Found a sparkling altar of Nemelex Xobeh.
  2476 | D:3      | Found a basalt altar of Yredelemnul.
  2901 | D:3      | Killed an orc warrior
  2902 | D:3      | Reached XP level 6. HP: 49/49 MP: 6/6
  3216 | D:4      | Reached XP level 7. HP: 55/55 MP: 7/7
  3257 | D:4      | Reached skill level 5 in Fighting
  3267 | D:4      | Killed a wyvern
  3514 | D:4      | Killed Eustachio
  3515 | D:4      | Reached XP level 8. HP: 55/64 MP: 8/8
  3641 | D:4      | Found a broken altar of Ashenzari.
  3767 | D:4      | Found a staircase to the Ecumenical Temple.
  3775 | Temple   | Entered the Ecumenical Temple
  3781 | Temple   | Became a worshipper of Gozag Ym Sagoz the Greedy
  3799 | D:4      | Found a bloodstained altar of Trog.
  3800 | D:4      | Noticed a wizard
  3805 | D:4      | Killed a wizard
  4194 | D:5      | Noticed Blork the orc
  4202 | D:5      | Killed Blork the orc
  4203 | D:5      | Reached skill level 6 in Fighting
  4203 | D:5      | Reached skill level 5 in Dodging
  4604 | D:5      | Reached skill level 5 in Armour
  4858 | D:5      | Gained mutation: You are partially covered in rugged brown
                  | scales. (AC +1, +3% HP) [demonic ancestry]
  4858 | D:5      | Reached XP level 9. HP: 65/73 MP: 9/9
  4944 | D:5      | Found a hide-covered altar of Uskayaw.
  5087 | D:5      | Found a burning altar of Makhleb.
  5099 | D:5      | Reached skill level 5 in Throwing
  5175 | D:6      | Identified the +3 leather armour "Ikhic" {Fly Regen+}
  5263 | D:6      | Reached skill level 7 in Fighting
  5674 | D:6      | Reached skill level 1 in Evocations
  5847 | D:6      | Found an ancient bone altar of Kikubaaqudgha.
  6324 | D:7      | Noticed Joseph
  6335 | D:7      | Killed Joseph
  6483 | D:7      | Noticed Menkaure
  6486 | D:7      | Killed Menkaure
  6706 | D:8      | Gained mutation: You sometimes gain a little power by
                  | taking damage. [demonic ancestry]
  6706 | D:8      | Reached XP level 10. HP: 82/82 MP: 10/10
  6851 | D:8      | Found a hazy altar of Hepliaklqana.
  6872 | D:8      | Reached skill level 8 in Fighting
  6904 | D:8      | Found an ancient bone altar of Kikubaaqudgha.
  6904 | D:8      | Found a stormy altar of Qazlal.
  6909 | D:8      | Found a snail-covered altar of Cheibriados.
  6909 | D:8      | Found a shimmering altar of Xom.
  7846 | D:9      | Reached skill level 5 in Evocations
  7997 | D:9      | Reached XP level 11. HP: 89/89 MP: 11/11
  8198 | D:9      | Reached skill level 9 in Fighting
  8352 | D:10     | Entered Level 10 of the Dungeon
  8512 | D:10     | You are sucked into a shaft and drop 2 floors!
  8579 | D:11     | Found a frozen archway.
  8589 | IceCv    | Entered an ice cave
  9195 | IceCv    | Noticed an ice dragon
  9228 | IceCv    | Killed an ice dragon
  9275 | IceCv    | Identified the amulet of Ynualuun {Harm Regen+}
  9281 | IceCv    | Identified the amulet of the Zebra {RegenMP rF+ rCorr
                  | Int+3}
  9355 | D:11     | HP: 3/91 [spriggan simulacrum (9)]
  9355 | D:11     | Slain by a spriggan simulacrum

Illustrated notes

Levels and vault maps discovered:
D:1:      scummos_arrival_hexagon, layout_basic
D:2:      layout_basic, kennysheep_generic_room_16, uniq_robin
D:3:      layout_basic, mainiacjoe_overflow_cross_hatched,
          mainiacjoe_overflow_six_doors_small, gammafunk_temple_overflow_wave
D:4:      layout_cave_pools, trog_wizard, ashenzari_altar_1,
          minmay_temple_entry_waves, uniq_eustachio
D:5:      kennysheep_big_flooded_room, layout_loops_ring,
          makhleb_blood_cavern_becter, lemuel_round_altar,
          minmay_misc_feat_roman, wad_woods_river_04, uniq_blork_the_orc
D:6:      layout_cave_pods, mainiacjoe_overflow_surrounded_room,
          minmay_strange_pillars
D:7:      layout_loops_cross, uniq_menkaure, uniq_joseph
D:8:      layout_rooms, doesnt_xom_only_xom
D:9:      layout_roguey, mainiacjoe_overflow_concentric_impassable,
          grunt_ministairs_3
D:10:     layout_gridville, overflow_temple_1_default,
          hangedman_abyss_or_decor_clamps
D:11:     layout_gridville, lair_entry_dummy,
          portal_ice_cave_entry_ice_simulacra, vehumet_statue
D:12:     layout_roguey, orc_0_dummy, serial_bayou, serial_bayou_shore_a,
          serial_bayou_pond_d, serial_bayou_pond_c, serial_bayou_lake_a,
          uniq_urug
Temple:   eino_wide_crystal_templ

Skill      XL: |  1  2  3  4  5  6  7  8  9 10 11 |
---------------+----------------------------------+-----
Dodging        | 2 3 4 5 6 7 8 |  8.3
Armour         | 1 2 3 4 5 6 7 8 |  8.0
Fighting       | 4 5 6 7 8 9 |  9.3
Throwing       | 1 2 3 4 6 7 |  7.7
Evocations     | 2 5 6 |  6.0
Axes           | |  1.7
Stealth        | |  4.5

Action                   |  1- 3 |  4- 6 |  7- 9 | 10-12 || total
-------------------------+-------+-------+-------+-------++-------
Melee: Scimitar          |    27 |     3 |       |       ||    30
       Headbutt          |     1 |       |       |     4 ||     5
       Trident           |       |       |       |    13 ||    13
 Fire: Hunting sling     |    36 |   130 |   335 |   434 ||   935
Evoke: Wand              |       |       |     1 |     7 ||     8
  Use: Scroll            |     2 |       |       |    11 ||    13
       Potion            |     1 |       |       |     1 ||     2
 Stab: Paralysed         |       |       |       |     7 ||     7
Armor: Chain mail        |    29 |    23 |       |       ||    52
       Scale mail        |       |    28 |    21 |       ||    49
       Leather armour    |       |       |     8 |    78 ||    86
Dodge: Dodged            |    27 |    40 |    54 |   194 ||   315

Table legend: (Time is in decaauts)
 A = Elapsed time spent in this place.
 B = Non-inter-level travel time spent in this place.
 C = Inter-level travel time spent in this place.
 D = Time resting spent in this place.
 E = Time spent auto-exploring this place.
 F = Levels seen in this place.
 G = Mean time per level.
                   A        B        C        D        E       F      G
               +--------+--------+--------+--------+--------+-----+--------+
         Total |   9411 |   8961 |    450 |     48 |   6621 |  14 |  672.2 |
       Dungeon |   8644 |   8200 |    444 |      0 |   6243 |  12 |  720.3 |
        Temple |     12 |      6 |      6 |      0 |      1 |   1 |   12.0 |
      Ice Cave |    754 |    754 |      0 |     48 |    377 |   1 |  754.0 |
               +--------+--------+--------+--------+--------+-----+--------+

Top non-repeatable levels by time:
     D:3: 1514 daAuts
     D:5: 1139 daAuts
     D:2: 948 daAuts
     D:4: 926 daAuts
     D:9: 891 daAuts
     D:6: 847 daAuts
     D:8: 774 daAuts
   IceCv: 754 daAuts
     D:7: 705 daAuts
     D:1: 651 daAuts
    D:10: 159 daAuts
    D:12: 55 daAuts
    D:11: 30 daAuts
  Temple: 12 daAuts
